 Dungeon Sprint DCSS version 0.26-a0-649-gf8c6c3aab7 (webtiles) character file.

Game seed: 1467451383461120746

175 sahdkjhfkaj the Transmogrifier (level 5, -1/22 HPs)
             Began as a Felid Transmuter on Sept 27, 2020.
             Was an Initiate of Gozag.
             Slain by a flying skull (11 damage)
             ... in the Dungeon (Sprint VII: "The Pits").
             The game lasted 00:01:25 (453 turns).

sahdkjhfkaj the Transmogrifier (Felid Transmuter)    Turns: 453, Time: 00:01:26

Health: -1/22      AC:  2    Str:  8    XL:     5   Next: 29%
Magic:  5/9        EV: 18    Int: 15    God:    Gozag
Gold:   504        SH:  0    Dex: 16    Spells: 3/9 levels left
                                        Lives:  0   Deaths: 1

rFire    . . .     SeeInvis +     - Unarmed
rCold    . . .     Faith    .   (shield unavailable)
rNeg     . . .     Spirit   .   (armour unavailable)
rPois    .         Reflect  .   (helmet unavailable)
rElec    .         Harm     .   (cloak unavailable)
rCorr    .         Rampage  .   (gloves unavailable)
MR       .....     NoTele   +   (boots unavailable)
Stlth    ..........             (no amulet)
HPRegen  0.07/turn              (no ring)
MPRegen  0.11/turn              (no ring)

@: blade paws, quick
A: very small, no armour, no weapons or thrown items, stealth, claws 1, fangs 3,
see invisible, speed 1, shaggy fur 2
a: End Transformation, Potion Petition, Call Merchant, Bribe Branch, Renounce
Religion


You were in the Dungeon.
You worshipped Gozag.
Gozag was pleased with you.
You had blades for front paws.
You visited 1 branch You collected 504 gold pieces.

Inventory:

Scrolls
 g - a scroll of blinking
 h - 3 scrolls of remove curse
 i - 5 scrolls of amnesia
 j - a scroll of summoning
 k - 2 scrolls of vulnerability
Potions
 a - 2 potions of invisibility
 b - 5 potions of curing
 c - 5 potions of heal wounds
 d - a potion of haste
 e - 4 potions of magic
 f - 3 potions of berserk rage


   Skills:
 - Level 1.0 Fighting
 - Level 3.3 Dodging
 - Level 8.3 Unarmed Combat
 - Level 2.5 Spellcasting
 + Level 11.7 Transmutations


You had 3 spell levels left.
You knew the following spells:

 Your Spells              Type           Power        Failure   Level
a - Beastly Appendage     Tmut           #####.       9%          1
A - Blade Hands           Tmut           #####.....   32%         5

Your spell library contained the following spells:

 Spells                   Type           Power        Failure   Level
 Wereblood                Tmut           #####...     10%         2
 Spider Form              Tmut/Pois      ###.......   34%         3
 Ice Form                 Ice/Tmut       ###.....     61%         4


Dungeon Overview and Level Annotations

Branches:
Dungeon (1/1)

Altars:
Ashenzari
Cheibriados
Dithmenos
Elyvilon
Fedhas
Gozag
Hepliaklqana
Kikubaaqudgha
Makhleb
Nemelex Xobeh
Okawaru
Qazlal
Ru
Sif Muna
Trog
Uskayaw
Vehumet
Wu Jian
Xom
Yredelemnul
Zin
The Shining One
Beogh
Jiyva
Lugonu


Innate Abilities, Weirdness & Mutations

You cannot wear armour.
You are incapable of wielding weapons or throwing items.
Your paws allow you to move quietly. (Stealth)
You have sharp claws.
You have razor-sharp teeth.
You have supernaturally acute eyesight. (SInv)
You cover ground quickly.
You are covered in thick fur. (AC +2)
((Your sharp claws are effective at attacking unaware monsters.))


Message History

Your front paws revert to their normal proportions.
You rejoin the land of the living...
Unknown command.
Casting: Blade Hands (extremely dangerous; 4% risk of failure)
Confirm with . or Enter, or press ? or * to list all spells.
The spell is extremely dangerous to cast (4% risk of failure)!
Continue anyway?
Your front paws turn into razor-sharp scythe blades.
There is an open door here.
There is an open door here.
The flying skull hits you!
Ouch! That really hurt!
You slash the flying skull! Your bite misses the flying skull.
The flying skull is almost destroyed.
The flying skull misses you.
You closely miss the flying skull.
The flying skull is almost destroyed.
The flying skull hits you!
Ouch! That really hurt!
You die...
Your body crumbles into a pile of gold.

############
#_________.#
#_________.#
#_______...########
##########'##......
#..(.')))'.##......
##########.##......
#.@.........รท......
#z#####'#####......
#.#..#..#..##......
#.#..'..'..#####'##
#.##'####'###......
#.#........##......
#.#........##......
#.#####'#####...<..
#.#..[)))..##......


You could see a flying skull.

Vanquished Creatures
  Menkaure (D)
  A floating eye (D)
  A gnoll shaman (D)
  An adder (D)
  5 gnolls (D)
  2 river rats (D)
  A white imp (D)
  An adder skeleton (D)
  3 leopard geckos (D)
  A giant cockroach (D)
  A bat (D)
18 creatures vanquished.

Notes
Turn   | Place    | Note
-------+----------+-------------------------------------------
     0 | D        | sahdkjhfkaj the Felid Transmuter began the quest for the
                  | Orb.
     0 | D        | Reached XP level 1. HP: 9/9 MP: 4/4
    16 | D        | Reached XP level 2. HP: 12/12 MP: 3/6
    21 | D        | Found a bloodstained altar of Trog.
    21 | D        | Found a shimmering blue altar of Sif Muna.
    21 | D        | Found a viscous altar of Jiyva.
    21 | D        | Found a hazy altar of Hepliaklqana.
    21 | D        | Found an opulent altar of Gozag.
    22 | D        | Found a glowing golden altar of the Shining One.
    22 | D        | Found a glowing silver altar of Zin.
    22 | D        | Found a basalt altar of Yredelemnul.
    22 | D        | Found a shimmering altar of Xom.
    22 | D        | Found an ornate altar of the Wu Jian Council.
    22 | D        | Found a sacrificial altar of Ru.
    22 | D        | Found a stormy altar of Qazlal.
    22 | D        | Found an iron altar of Okawaru.
    22 | D        | Found a sparkling altar of Nemelex Xobeh.
    22 | D        | Found a burning altar of Makhleb.
    22 | D        | Found a blossoming altar of Fedhas.
    22 | D        | Found a white marble altar of Elyvilon.
    22 | D        | Found a shadowy altar of Dithmenos.
    22 | D        | Found a snail-covered altar of Cheibriados.
    23 | D        | Found a radiant altar of Vehumet.
    23 | D        | Found a corrupted altar of Lugonu.
    23 | D        | Found a roughly hewn altar of Beogh.
    24 | D        | Found a hide-covered altar of Uskayaw.
    24 | D        | Found an ancient bone altar of Kikubaaqudgha.
    24 | D        | Found a broken altar of Ashenzari.
    27 | D        | Became a worshipper of Gozag Ym Sagoz the Greedy
    79 | D        | Reached skill level 5 in Unarmed Combat
   118 | D        | Reached XP level 3. HP: 15/15 MP: 5/7
   137 | D        | Noticed a floating eye
   144 | D        | Killed a floating eye
   144 | D        | Reached skill level 6 in Transmutations
   144 | D        | Reached XP level 4. HP: 8/19 MP: 6/8
   144 | D        | Reached XP level 5. HP: 9/22 MP: 6/9
   342 | D        | Learned a level 5 spell: Blade Hands
   413 | D        | Noticed Menkaure
   418 | D        | Reached skill level 7 in Transmutations
   421 | D        | Noticed a flying skull
   423 | D        | Reached skill level 8 in Transmutations
   430 | D        | Reached skill level 9 in Transmutations
   434 | D        | Killed Menkaure
   434 | D        | Reached skill level 11 in Transmutations
   434 | D        | Gained mutation: You are covered in thick fur. (AC +2)
                  | [Felid growth]
   434 | D        | Reached XP level 6. HP: 21/25 MP: 1/10
   440 | D        | Slain by a flying skull
   441 | D        | Reached XP level 5. HP: 0/22 MP: 2/9
   453 | D        | Slain by a flying skull

Illustrated notes

Levels and vault maps discovered:
D:        pitsprint [storerooms_1, entrance_room_1, metal_vault_5, armoury_2,
          mini_pit_1, grid_room_1, main_hall_1, silver_pit, the_coven_2,
          the_vestibule_1, steel_vault_5, golden_pit, hallway_of_sentries,
          crystal_vault_2, iron_vault_3, final_vault]

Skill      XL: |  1  2  3  4  5 |
---------------+----------------+-----
Dodging        | 3 |  3.3
Unarmed Combat | 4 6 8 |  8.3
Transmutations | 6 11 | 11.7
Fighting       | |  1.0
Spellcasting   | |  2.5

Action                   |  1- 3 |  4- 6 || total
-------------------------+-------+-------++-------
Melee: Unarmed           |    18 |    19 ||    37
       Headbutt          |     2 |       ||     2
       Bite              |     3 |     2 ||     5
 Cast: Beastly Appendage |     5 |       ||     5
       Blade Hands       |       |     3 ||     3
  Use: Potion            |       |     2 ||     2
 Stab: Sleeping          |     4 |       ||     4
Armor: Skin              |     1 |       ||     1
Dodge: Dodged            |     9 |    13 ||    22

Table legend: (Time is in decaauts)
 A = Elapsed time spent in this place.
 B = Non-inter-level travel time spent in this place.
 C = Inter-level travel time spent in this place.
 D = Time resting spent in this place.
 E = Time spent auto-exploring this place.
 F = Levels seen in this place.
 G = Mean time per level.
                   A        B        C        D        E       F      G
               +--------+--------+--------+--------+--------+-----+--------+
         Total |    426 |    414 |     12 |    254 |      0 |   1 |  426.0 |
       Dungeon |    426 |    414 |     12 |    254 |      0 |   1 |  426.0 |
               +--------+--------+--------+--------+--------+-----+--------+

Top non-repeatable levels by time:
       D: 426 daAuts
